Map: Estação Rei Sejong ER

Players

TheZergLord - Winner!

  • Race: Zerg Zerg
  • League: Master
  • Spawn Location: 5:00

Swat

  • Race: Terran Terran
  • Spawn Location: 11:00

VOD

Have the link to the VOD?

Description

Time

  • Played on: May 24, 2016, 3:12 p.m.
  • Length: 15:16
Show
View Real Time Build Order
Export as new Build Order

TheZergLord Zerg - Winner!

Build Orders: Hatch First 

Get SALT Encoding   

  12  0:01  Drone  
  13  0:13  Overlord  
  13  0:17  Drone  
  14  0:32  Drone x2  
  14  0:35  Drone  
  17  0:54  Hatchery  
  17  0:56  Drone  
  17  1:09  Spawning Pool  
  16  1:14  Drone  
  17  1:19  Extractor  
  17  1:20  Drone  
  17  1:21  Drone  
  18  1:30  Drone  
  19  1:39  Overlord  
  19  1:57  Queen, Zergling x2  
  22  2:01  Zergling x2  
  22  2:07  Queen  
  22  2:08  Zergling x2  
  26  2:20  Roach Warren  
  25  2:29  Drone x3  
  28  2:31  Overlord  
  28  2:57  Overlord  
  28  3:01  Roach  
  28  3:02  Roach x3  
  36  3:14  Overlord  
  36  3:17  Drone  
  36  3:18  Drone x2  
  36  3:19  Drone x2  
  41  3:22  Drone  
  41  3:24  Drone  
  43  3:27  Drone  
  44  3:34  Overlord  
  44  3:38  Drone  
  44  3:41  Drone x2  
  47  3:48  Ravager x2  
  49  3:49  Drone  
  49  3:50  Drone x2  
  49  3:55  Ravager  
  53  3:58  Drone x4  
  57  4:10  Ravager  
  58  4:17  Overlord x2  
  58  4:26  Drone  
  58  4:27  Drone, Hatchery  
  59  4:38  Drone x6  
  65  4:42  Extractor  
  65  4:43  Extractor  
  63  4:52  Drone x4  
  67  4:59  Extractor  
  66  5:02  Lair  
  66  5:04  Overlord  
  66  5:05  Evolution Chamber  
  66  5:06  Evolution Chamber  
  63  5:17  Overlord  
  63  5:26  Drone x9  
  72  5:33  Zerg Missile Weapons Level 1  
  72  5:35  Drone  
  72  5:36  Drone  
  74  5:45  Queen  
  74  5:48  Queen  
  78  5:50  Roach x4  
  78  5:51  Roach  
  88  5:59  Glial Reconstitution  
  88  6:00  Overseer  
  88  6:06  Overlord  
  88  6:11  Extractor  
  87  6:12  Extractor  
  87  6:15  Zerg Ground Armor Level 1  
  86  6:27  Ravager  
  86  6:28  Ravager x2  
  86  6:29  Drone x6  
  86  6:30  Drone x2  
  86  6:32  Overlord x2  
  97  6:38  Overlord x2  
  97  6:51  Roach  
  97  6:52  Roach x6  
  97  6:53  Roach  
  113  6:57  Roach  
  113  6:58  Roach x5  
  125  7:07  Roach x2  
  129  7:10  Overlord  
  129  7:35  Roach x3  
  129  7:36  Roach  
  137  7:38  Zerg Missile Weapons Level 2  
  137  7:41  Overlord x2  
  137  7:48  Roach x8  
  117  8:01  Extractor  
  117  8:02  Roach  
  117  8:03  Roach x10  
  117  8:04  Ravager  
  117  8:05  Ravager x7  
  146  8:10  Ravager x4  
  146  8:11  Roach  
  146  8:12  Roach x4  
  152  8:14  Overlord  
  152  8:18  Drone  
  145  8:35  Hatchery  
  144  8:51  Roach x8  
  144  8:54  Overlord x2  
  144  8:55  Overlord x2  
  160  8:58  Zerg Ground Armor Level 2  
  160  9:04  Overlord x2  
  160  9:06  Ravager  
  151  9:23  Roach x4  
  151  9:24  Roach x3  
  131  9:35  Roach x2  
  131  9:36  Roach x10  
  138  9:47  Roach  
  138  9:48  Roach x2  
  138  9:49  Queen  
  138  9:51  Drone  
  147  9:53  Metabolic Boost  
  147  9:55  Infestation Pit  
  147  9:58  Zerg Melee Weapons Level 1  
  146  10:00  Roach x2  
  146  10:01  Roach x2  
  154  10:19  Drone x2  
  154  10:20  Drone  
  157  10:22  Drone x7  
  157  10:23  Drone x4  
  157  10:24  Ravager x2  
  157  10:25  Ravager x5  
  175  10:34  Hive  
  175  10:41  Overlord  
  171  10:53  Roach x2  
  171  10:54  Roach x13  
  136  11:18  Roach x8  
  131  11:19  Roach x4  
  131  11:24  Extractor  
  131  11:25  Drone x2, Extractor  
  149  11:26  Drone x2  
  153  11:42  Ravager  
  153  11:43  Ravager x4  
  153  11:44  Zergling x24  
  153  11:46  Ravager x3  
  174  11:47  Ravager  
  174  11:52  Hatchery  
  173  11:58  Ultralisk Cavern  
  173  11:59  Zergling x2  
  173  12:00  Zergling x12  
  179  12:10  Zerg Ground Armor Level 3  
  179  12:31  Zerg Melee Weapons Level 2  
  179  12:58  Chitinous Plating  
  179  12:59  Ultralisk x2  
  179  13:00  Ultralisk  
  179  13:04  Ravager x3  
  200  13:20  Spine Crawler x2  
  200  13:22  Drone, Spine Crawler  
  200  13:23  Drone x2  
  196  14:11  Hatchery  
  195  14:18  Ravager x2  
  195  14:19  Ravager x2  
Show
View Real Time Build Order
Export as new Build Order

Swat Terran 

Build Orders: MMM Bio 

Get SALT Encoding   

  12  0:01  SCV  
  13  0:13  SCV  
  14  0:17  Supply Depot  
  14  0:25  SCV  
  15  0:39  SCV  
  15  0:41  Barracks  
  16  0:51  SCV  
  17  1:03  SCV  
  18  1:15  SCV  
  19  1:21  Command Center  
  19  1:27  SCV  
  19  1:28  Marine  
  21  1:35  Supply Depot  
  21  1:45  Barracks  
  21  1:50  Marine  
  21  1:53  SCV  
  23  2:02  Barracks  
  23  2:12  Refinery  
  23  2:15  SCV, Refinery  
  24  2:19  Marine  
  25  2:27  SCV  
  26  2:32  Marine  
  27  2:40  Marine  
  28  2:44  Bunker  
  28  2:49  Marine  
  28  2:50  Orbital Command  
  29  2:56  Barracks Tech Lab  
  29  3:04  Orbital Command  
  29  3:08  Marine  
  29  3:10  Marine  
  31  3:17  Marine  
  31  3:18  SCV  
  33  3:24  Stimpack  
  33  3:31  Factory  
  33  3:35  SCV  
  33  3:36  SCV  
  36  3:41  Barracks Reactor  
  36  3:48  SCV  
  36  3:50  Barracks Reactor  
  36  3:51  Marine  
  36  3:52  SCV  
  38  3:58  Supply Depot  
  38  4:00  SCV  
  38  4:02  Supply Depot  
  39  4:04  SCV  
  39  4:08  Marine  
  40  4:16  SCV  
  41  4:22  SCV  
  42  4:26  Marine  
  42  4:27  Supply Depot  
  42  4:28  SCV  
  42  4:30  Marine x2  
  42  4:31  Marine x2  
  45  4:41  SCV  
  45  4:44  Supply Depot  
  46  4:48  Marine x3  
  46  4:49  Marine  
  46  4:51  Marauder  
  50  4:56  Factory Tech Lab  
  50  4:58  SCV  
  50  4:59  SCV  
  52  5:00  Starport  
  52  5:02  Supply Depot  
  52  5:06  Marine x4  
  56  5:11  SCV x2  
  57  5:17  Marauder  
  58  5:23  SCV x2  
  60  5:30  Marine x2  
  60  5:31  Marine  
  60  5:32  Marine  
  60  5:33  Siege Tank  
  60  5:35  SCV x2  
  69  5:38  Supply Depot  
  69  5:39  Supply Depot  
  69  5:48  Starport Reactor  
  69  5:49  Engineering Bay  
  69  5:51  SCV  
  70  5:59  SCV, Marine x4, Supply Depot  
  70  6:00  Marauder  
  77  6:07  Barracks, SCV  
  77  6:08  Refinery  
  77  6:09  Refinery  
  78  6:15  Terran Infantry Weapons Level 1  
  78  6:16  SCV  
  79  6:20  SCV, Supply Depot  
  79  6:21  Supply Depot  
  79  6:24  Medivac  
  82  6:27  Medivac  
  82  6:28  Marine  
  85  6:36  Marine x3  
  85  6:37  Marauder  
  90  6:41  Barracks  
  90  6:47  Supply Depot  
  90  6:49  SCV x2  
  92  7:05  Marine x3  
  92  7:06  Marine, Marauder  
  98  7:13  Siege Tank, Medivac  
  98  7:14  Medivac  
  98  7:15  Barracks Tech Lab  
  105  7:28  Marauder  
  107  7:37  Marine x3  
  107  7:38  Marine  
  107  7:39  Barracks Reactor  
  110  7:49  Marauder  
  99  8:00  Marine x2  
  99  8:01  Marine x2  
  99  8:02  Marauder  
  99  8:05  Medivac x2  
  108  8:08  Siege Tank  
  108  8:09  Terran Infantry Armor Level 1  
  108  8:11  Marauder  
  113  8:13  Supply Depot  
  113  8:18  Marine x2  
  115  8:23  Marauder  
  116  8:29  Marine x2  
  116  8:30  Marine x2  
  116  8:31  Marine  
  115  8:40  Marine x2  
  117  8:44  Marauder  
  117  8:47  Marine x2  
  120  8:50  Marauder  
  120  8:54  Marine x2  
  124  8:58  Marine  
  124  9:06  Marauder  
  122  9:11  Marauder  
  120  9:23  Marine x3  
  106  9:24  Marine x3  
  106  9:27  Marauder  
  109  9:32  Marauder  
  95  9:41  Marine x3  
  95  9:42  Marine x3  
  96  9:49  Marauder  
  98  9:54  Marauder  
  98  9:57  SCV x2  
  98  9:59  Liberator, Marine x3  
  103  10:00  Marine x3  
  103  10:02  Command Center  
  104  10:10  Marauder, Command Center  
  106  10:15  Marauder  
  106  10:16  Marine, Medivac  
  106  10:17  Siege Tank, Marine x3  
  106  10:18  Barracks, Marine  
  106  10:19  Barracks  
  121  10:21  Combat Shields  
  121  10:24  Concussive Shells  
  121  10:31  Marauder  
  122  10:38  Marine  
  122  10:39  Marine x4  
  122  10:40  Marine  
  126  10:48  Supply Depot  
  126  10:49  Marauder  
  122  10:50  Supply Depot  
  122  10:53  Marauder  
  122  10:56  Marine x2  
  122  10:57  Marine x2  
  100  11:03  Marine x2  
  94  11:05  Liberator  
  94  11:10  Marauder  
  90  11:14  Marine x2, Marauder  
  94  11:19  Marine  
  94  11:20  Marine x2  
  94  11:21  Marine  
  94  11:23  Siege Tank  
  104  11:29  Orbital Command  
  104  11:31  SCV  
  104  11:32  Marine, Marauder  
  108  11:35  Marauder  
  110  11:45  Marine x5  
  115  11:53  Marauder  
  117  11:57  Marauder  
  119  12:14  Marauder  
  121  12:18  Marauder  
  123  12:32  Marine x4  
  123  12:33  Marine x2  
  123  12:36  Marauder  
  131  12:38  Orbital Command  
  131  12:40  Marauder  
  133  12:50  Marine  
  134  12:51  Marine x2  
  134  12:52  Marine x2  
  134  12:54  SCV x2  
  134  12:56  Liberator  
  134  12:57  Marauder  
  134  12:58  Refinery x2  
  142  13:01  Marauder  
  142  13:05  SCV  
  145  13:06  SCV  
  145  13:11  Armory  
  146  13:13  Medivac  
  146  13:15  Engineering Bay  
  146  13:18  Marauder  
  153  13:22  SCV x2  
  153  13:26  Supply Depot  
  155  13:29  Supply Depot  
  155  13:30  Liberator  
  155  13:39  Liberator  
  155  13:43  Marine x2  
  155  13:46  Barracks Reactor  
  155  13:47  Barracks Tech Lab, Marine x5  
  165  13:51  Marauder  
  165  13:54  Supply Depot  
  165  13:55  Supply Depot  
  167  13:56  Supply Depot  
  167  14:01  Marine x2  
  172  14:05  Marine  
  173  14:16  SCV x3, Siege Tank, Marauder  
  173  14:17  Marine x3  
  181  14:18  Marine, Marauder x2  
  181  14:19  Marine  
  185  14:40  Marine  
  185  14:41  Marine x4  
  185  14:42  Marauder x3  
Tags
 
Add a new tag
Caveats
  • Supply blocks, unpowered buildings, or Contaminate may cause inaccurate times.
  • Supply counts are checked every 10 seconds.